 Dungeon Crawl Stone Soup version 0.29-a0-490-g77b3608bb8 (webtiles) character file.

Game seed: 16190529158417617329

22530 jlumianski the Spear-Bearer (level 12, 0/89 HPs)
             Began as a Demonspawn Fighter on May 26, 2022.
             Was a High Priest of Wu Jian.
             Slain by a skeletal warrior
             ... wielding a +2 battleaxe of flaming
              (1 damage)
             ... on level 12 of the Dungeon.
             The game lasted 01:25:36 (16379 turns).

jlumianski the Spear-Bearer (Demonspawn Fighter)   Turns: 16379, Time: 01:25:37

Health: 0/89       AC: 21    Str: 30    XL:     12   Next: 63%
Magic:  12/12      EV:  8    Int:  9    God:    Wu Jian [*****.]
Gold:   283        SH: 12    Dex: 19    Spells: 11/11 levels left

rFire   + . .      SeeInvis +   h - +4 broad axe (elec)
rCold   + + .      Faith    .   O - +1 kite shield "Siettool" {rF+ Str+6 SInv}
rNeg    . . .      Spirit   .   K - +0 plate armour
rPois   .          Reflect  .   (helmet restricted)
rElec   .          Harm     +   w - scarf {harm}
rCorr   .          Rampage  .   v - +2 pair of gloves
Will    +....                   (no boots)
Stlth   ..........              (no amulet)
HPRegen 0.24/turn               k - +6 ring of dexterity
MPRegen 0.13/turn               r - ring of protection from cold

@: mighty
A: horns 2, icy blue scales 3, foul stench 3, demonic willpower, strong 1
a: Renounce Religion, Wall Jump, Serpent's Lash, Heavenly Storm


You were on level 12 of the Dungeon.
You worshipped Wu Jian.
Wu Jian was extremely pleased with you.
You visited 2 branches of the dungeon, and saw 14 of its levels.
You also visited: Bailey.

You collected 917 gold pieces.
You spent 634 gold pieces at shops.

Inventory:

Hand Weapons
 h - a +4 broad axe of electrocution (weapon)
 m - a +4 spear of flaming
Missiles
 D - 6 curare-tipped darts
 E - 44 poisoned darts (quivered)
 F - 3 boomerangs
 I - 3 atropa-tipped darts
Armour
 v - a +2 pair of gloves (worn)
 w - a scarf of harm (worn)
 K - a +0 plate armour (worn)
 O - the +1 kite shield "Siettool" (worn) {rF+ Str+6 SInv}
   (You acquired it on level 8 of the Dungeon)

   Str:       It affects your strength (+6).
   rF:        It protects you from fire.
   SInv:      It lets you see invisible.
Jewellery
 k - a +6 ring of dexterity (left hand)
 r - a ring of protection from cold (right hand)
 R - a ring of protection from cold
 W - a ring of flight
 Y - a ring of protection from fire
Wands
 b - a wand of acid (1)
 e - a wand of iceblast (11)
 C - a wand of flame (6)
 V - a wand of digging (5)
Scrolls
 a - a scroll of enchant armour
 c - 2 scrolls of magic mapping
 t - 2 scrolls of teleportation
 u - 3 scrolls of poison
 z - a scroll of fear
 G - 2 scrolls of fog
Potions
 d - 6 potions of might
 f - a potion of heal wounds
 i - 9 potions of ambrosia
 l - 4 potions of lignification
 A - a potion of attraction
 B - 5 potions of curing


   Skills:
 + Level 6.8 Fighting
 * Level 2.6(8.3) Axes
 - Level 12.3(12.5) Polearms
 + Level 2.7 Throwing
 + Level 9.0 Armour
 + Level 2.8 Dodging
 * Level 7.3 Stealth
 + Level 7.3 Shields
 * Level 4.3 Evocations


You had 11 spell levels left.
You didn't know any spells.
Your spell library contained the following spells:

 Spells                   Type           Power      Damage    Failure   Level
 Freeze                   Ice            0%         1d3       100%        1
 Magic Dart               Conj           0%         1d3       100%        1
 Call Imp                 Summ           0%         N/A       100%        2
 Frozen Ramparts          Ice            0%         1d2       100%        3
 Gell's Gravitas          Tloc           0%         N/A       100%        3
 Ignite Poison            Fire/Tmut/Pois 0%         N/A       100%        3
 Mephitic Cloud           Conj/Pois/Air  0%         N/A       100%        3
 Ozocubu's Armour         Ice            0%         N/A       100%        3
 Teleport Other           Tloc           0%         N/A       100%        3
 Hailstorm                Conj/Ice       0%         3d3       100%        4
 Freezing Cloud           Conj/Ice/Air   0%         6-21      100%        5
 Dispersal                Tloc           0%         N/A       100%        6
 Ozocubu's Refrigeration  Ice            0%         4d5       100%        7


Dungeon Overview and Level Annotations

Branches:
Dungeon (13/15)            Temple (0/1) D:6            Lair (1/6) D:11
    Orc (0/2) D:11         Bailey (visited)
 Vaults: D:13-14

Altars:
Cheibriados
Dithmenos
Fedhas
Gozag
Kikubaaqudgha
Makhleb
Ru
Sif Muna
Uskayaw
Vehumet
Wu Jian
Xom
Yredelemnul
Beogh

Shops:
D:3 =   D:7 ?([?   D:8 *!!!

Annotations:
D:3 exclusion: oklob plant, Grinder
D:9 2 transporters, avis's ghost, novice OgTm


Innate Abilities, Weirdness & Mutations

You have a pair of horns on your head.
You are completely covered in icy blue scales. (AC +4, rC+)
You frequently emit foul miasma when damaged in melee.
You punish those that try to bend your will. (Will+)
Your muscles are strong. (Str +2)


Message History

The skeletal warrior is moderately damaged.
The skeletal warrior hits you with a +2 battleaxe of flaming!
You barely miss the skeletal warrior. You headbutt the skeletal warrior!
The skeletal warrior is heavily damaged.
The skeletal warrior hits you with a +2 battleaxe of flaming!!
* * * LOW HITPOINT WARNING * * *
The skeletal warrior burns you.
* * * LOW HITPOINT WARNING * * *
(D) Dungeon (T) Temple (L) Lair (O) Orcish Mines
Where to? (Enter - D:13, ? - help)
Okay, then.
Okay, then.
Unknown command.
Okay, then.
Unknown command.
You feel much better.
The skeletal warrior hits you with a +2 battleaxe of flaming!!
* * * LOW HITPOINT WARNING * * *
The skeletal warrior burns you.
* * * LOW HITPOINT WARNING * * *
Unknown command.
Unknown command.
You feel very mighty all of a sudden.
You block the skeletal warrior's attack.
You feel much better.
You block the skeletal warrior's attack.
You barely miss the skeletal warrior.
The skeletal warrior is heavily damaged.
You block the skeletal warrior's attack. x2
You barely miss the skeletal warrior. You headbutt the skeletal warrior!
The skeletal warrior is severely damaged.
The skeletal warrior hits you with a +2 battleaxe of flaming!
* * * LOW HITPOINT WARNING * * *
You emit a cloud of foul miasma!
Okay, then.
The skeletal warrior attacks as you move away!
The skeletal warrior hits you with a +2 battleaxe of flaming!
* * * LOW HITPOINT WARNING * * *
The skeletal warrior burns you.
You die...

............#......#
.....÷...####......#
.........# ####'###
#######.## #.## ###..#
#..# ##...## ##.#
#..### #####'####
###'### #........#
......# #...@....#
......#######...z....#
..>...#.<...'........#
......'.#####........#
......### #☼>......#
####### #........#
##########


You could see a skeletal warrior.

Vanquished Creatures
  Jorgrun (D:12)
  Snorg (D:11)
  A hydra (D:11)
  A boulder beetle (D:11)
  Erica (D:11)
  4 two-headed ogres
  3 death yaks
  Sonja (D:12)
  Nergalle (D:12)
  Pikel (D:4)
  A manticore (D:12)
  Maurice (D:9)
  Psyche (D:12)
  A kobold demonologist (D:10)
  An unseen horror (D:9)
  A queen bee (D:9)
  2 hornets (D:10)
  A troll (D:11)
  Prince Ribbit (D:8)
  3 spriggans (Bailey)
  Sigmund (D:3)
  2 vampires
  16 yaks
  3 wraiths
  2 steam dragons
  4 vampire mosquitoes
  A water moccasin (D:7)
  5 orc warriors
  3 black bears
  8 ogres
  A sky beast (D:6)
  10 centaurs
  2 lemures (D:4)
  2 phantoms (D:5)
  9 kobold brigands
  A gnoll sergeant (D:8)
  4 bullfrogs
  2 necrophages
  2 scorpions
  10 wights
  3 vampire bats (D:6)
  19 killer bees
  3 howler monkeys (D:10)
  A jelly (D:5)
  A hound (D:6)
  Crazy Yiuf (D:4)
  12 orc priests
  3 iguanas
  8 orc wizards
  Robin (D:3)
  5 gnolls
  3 adders
  A white imp (D:6)
  2 ufetubi
  A worm (D:3)
  2 dart slugs
  46 orcs
  3 bat skeletons (D:6)
  2 bat zombies (D:6)
  3 endoplasms
  4 giant cockroaches
  13 goblins
  14 hobgoblins
  29 kobolds
  A quokka (D:4)
  4 ball pythons
  9 bats
  2 frilled lizards
  6 rats
318 creatures vanquished.

Vanquished Creatures (others)
  3 plants (D:6)
3 creatures vanquished.

Grand Total: 321 creatures vanquished

Notes
Turn   | Place    | Note
-------+----------+-------------------------------------------
     0 | D:1      | jlumianski the Demonspawn Fighter began the quest for the
                  | Orb.
     0 | D:1      | Reached XP level 1. HP: 18/18 MP: 1/1
    28 | D:1      | Found a faded altar of an unknown god.
   348 | D:1      | Gained mutation: You may rarely emit foul miasma when
                  | damaged in melee. [demonic ancestry]
   348 | D:1      | Reached XP level 2. HP: 23/24 MP: 2/2
  1272 | D:2      | Gained mutation: You sometimes emit foul miasma when
                  | damaged in melee. [demonic ancestry]
  1272 | D:2      | Reached XP level 3. HP: 29/29 MP: 3/3
  1364 | D:3      | Noticed Robin
  1364 | D:3      | Noticed Sigmund
  1927 | D:3      | Found Reteaf's One-of-a-Kind Rings.
  2003 | D:3      | Found a radiant altar of Vehumet.
  2074 | D:3      | Killed Sigmund
  2075 | D:3      | Reached skill level 3 in Polearms
  2075 | D:3      | Reached XP level 4. HP: 14/35 MP: 4/4
  2075 | D:3      | Gained mutation: You frequently emit foul miasma when
                  | damaged in melee. [demonic ancestry]
  2075 | D:3      | Reached XP level 5. HP: 16/41 MP: 5/5
  2500 | D:3      | Killed Robin
  2683 | D:3      | Found a basalt altar of Yredelemnul.
  2741 | D:3      | Found a blossoming altar of Fedhas.
  2763 | D:3      | Noticed an oklob plant
  2797 | D:3      | Found a burning altar of Makhleb.
  2898 | D:3      | Noticed Grinder
  2901 | D:3      | Paralysed by Grinder for 4 turns
  3276 | D:4      | Gained mutation: You have a pair of small horns on your
                  | head. [demonic ancestry]
  3276 | D:4      | Reached XP level 6. HP: 34/47 MP: 6/6
  3588 | D:4      | Noticed Pikel
  3598 | D:4      | Killed Pikel
  3599 | D:4      | Reached skill level 5 in Polearms
  3599 | D:4      | Reached skill level 1 in Dodging
  3599 | D:4      | Reached skill level 1 in Stealth
  3599 | D:4      | Gained mutation: You are partially covered in icy blue
                  | scales. (AC +2) [demonic ancestry]
  3599 | D:4      | Reached XP level 7. HP: 41/53 MP: 7/7
  3614 | D:4      | Found an ornate altar of the Wu Jian Council.
  3615 | D:4      | Found a shimmering altar of Xom.
  3625 | D:4      | Became a worshipper of the Wu Jian Council
  3703 | D:4      | Found a snail-covered altar of Cheibriados.
  3767 | D:4      | Found an opulent altar of Gozag.
  4224 | D:4      | Found a runed translucent door.
  4225 | D:4      | Noticed Crazy Yiuf
  4331 | D:4      | Found a shimmering blue altar of Sif Muna.
  4452 | D:4      | Killed Crazy Yiuf
  4527 | D:5      | Entered Level 5 of the Dungeon
  4603 | D:5      | Gained mutation: You have a pair of horns on your head.
                  | [demonic ancestry]
  4603 | D:5      | Reached XP level 8. HP: 60/60 MP: 8/8
  4657 | D:5      | Reached * piety under Wu Jian
  4660 | D:5      | Reached skill level 6 in Polearms
  4885 | D:5      | Reached skill level 5 in Armour
  5319 | D:5      | Reached skill level 7 in Polearms
  5723 | D:6      | Found a shadowy altar of Dithmenos.
  6272 | D:6      | Found a sacrificial altar of Ru.
  6356 | D:6      | Found a staircase to the Ecumenical Temple.
  6557 | D:6      | Found an ancient bone altar of Kikubaaqudgha.
  6561 | D:6      | Reached ** piety under Wu Jian
  6565 | D:6      | Gained mutation: You are mostly covered in icy blue scales.
                  | (AC +3) [demonic ancestry]
  6565 | D:6      | Reached XP level 9. HP: 65/65 MP: 9/9
  6684 | D:7      | Reached skill level 8 in Polearms
  7094 | D:8      | Found Guetteym's Distillery.
  7100 | D:8      | Noticed Prince Ribbit
  7105 | D:8      | Killed Prince Ribbit
  7113 | D:8      | Bought a potion of heal wounds for 60 gold pieces
  7266 | D:7      | Reached skill level 9 in Polearms
  7402 | D:7      | Found Eschihaxi's Antique Weapon Shoppe.
  7402 | D:7      | Found Idghup's Magic Scroll Shoppe.
  7402 | D:7      | Found Beafia's Armour Shoppe.
  7408 | D:7      | Found Xosaixt's Magic Scroll Shoppe.
  7410 | D:7      | Bought a scroll of enchant armour for 105 gold pieces
  7410 | D:7      | Bought 2 scrolls of identify for 56 gold pieces
  7412 | D:7      | Bought a scroll of identify for 28 gold pieces
  7412 | D:7      | Bought a scroll of identify for 28 gold pieces
  7412 | D:7      | Bought a scroll of identify for 28 gold pieces
  7412 | D:7      | Bought a scroll of identify for 28 gold pieces
  7885 | D:8      | Reached XP level 10. HP: 73/73 MP: 10/10
  8097 | D:8      | Found Fouko Muucai's General Store.
  8216 | D:8      | Found Tiajom's Distillery.
  8379 | D:8      | Found Akhofadu's Distillery.
  8385 | D:8      | Bought a potion of heal wounds for 70 gold pieces
  8522 | D:8      | Identified a scroll of acquirement
  8523 | D:8      | Acquired the +1 kite shield "Siettool" {rF+ Str+6 SInv}
  8563 | D:9      | Found a transporter.
  8564 | D:9      | Noticed a four-headed hydra
  8582 | D:9      | Reached skill level 10 in Polearms
  8590 | D:9      | Noticed a five-headed hydra
  8595 | D:9      | Found a flagged portal.
  8616 | D:9      | Noticed avis's ghost (novice OgTm)
  8671 | Bailey   | Entered a bailey
  8699 | Bailey   | Reached *** piety under Wu Jian
  8826 | Bailey   | Noticed a two-headed ogre
  8833 | Bailey   | Killed a two-headed ogre
  8834 | Bailey   | Reached skill level 5 in Fighting
  9241 | D:9      | Reached skill level 5 in Shields
  9296 | D:9      | Reached skill level 11 in Polearms
  9296 | D:9      | Reached skill level 5 in Stealth
  9412 | D:9      | Noticed Maurice
  9424 | D:9      | Killed Maurice
  9425 | D:9      | Reached skill level 1 in Throwing
  9729 | D:9      | Found a hide-covered altar of Uskayaw.
 10037 | D:9      | Found a transporter.
 10088 | D:8      | Gained mutation: You are completely covered in icy blue
                  | scales. (AC +4, rC+) [demonic ancestry]
 10088 | D:8      | Reached XP level 11. HP: 45/80 MP: 11/11
 10879 | D:10     | Entered Level 10 of the Dungeon
 10933 | D:10     | Noticed a two-headed ogre
 10939 | D:10     | Killed a two-headed ogre
 11069 | D:10     | Noticed a two-headed ogre
 11078 | D:10     | Killed a two-headed ogre
 11127 | D:10     | Paralysed by a hornet for 3 turns
 11495 | D:10     | Reached **** piety under Wu Jian
 11648 | D:10     | Noticed a sixfirhy
 11954 | D:11     | Noticed Snorg
 11966 | D:11     | Killed Snorg
 11967 | D:11     | Reached skill level 1 in Evocations
 12041 | D:11     | Noticed a death yak
 12062 | D:11     | Killed a death yak
 12259 | D:11     | Found a staircase to the Lair.
 12261 | D:11     | Noticed a death yak
 12263 | D:11     | Noticed a death yak
 12308 | D:11     | Killed a death yak
 12325 | D:11     | Noticed a boulder beetle
 12718 | D:10     | Killed a death yak
 13047 | D:11     | Gained mutation: Your muscles are strong. (Str +2) [potion
                  | of mutation]
 13171 | D:11     | Found a staircase to the Orcish Mines.
 13199 | D:11     | Noticed a four-headed hydra
 13207 | D:11     | Killed a four-headed hydra
 13208 | D:11     | Reached skill level 12 in Polearms
 13208 | D:11     | Gained mutation: You punish those that try to bend your
                  | will. (Will+) [demonic ancestry]
 13208 | D:11     | Reached XP level 12. HP: 60/88 MP: 12/12
 13391 | D:11     | Noticed a two-headed ogre
 13399 | D:11     | Killed a two-headed ogre
 13574 | D:11     | Noticed Erica
 13586 | D:11     | Killed Erica
 13851 | D:11     | Killed a boulder beetle
 14306 | D:12     | Noticed Nergalle
 14316 | D:12     | Killed Nergalle
 14549 | D:12     | Noticed Jorgrun
 14563 | D:12     | Killed Jorgrun
 14654 | D:12     | Noticed Sonja
 14658 | D:12     | Killed Sonja
 15086 | D:12     | Noticed Psyche
 15092 | D:12     | Killed Psyche
 15627 | D:7      | Bought a glowing broad axe for 161 gold pieces
 15697 | D:8      | Bought a potion of heal wounds for 70 gold pieces
 15793 | Lair:1   | Entered Level 1 of the Lair of Beasts
 15986 | D:12     | Reached ***** piety under Wu Jian
 16379 | D:12     | HP: 1/89 [skeletal warrior/+2 battleaxe of flaming (13)]
 16379 | D:12     | Slain by a skeletal warrior

Illustrated notes

Levels and vault maps discovered:
D:1:      saegor_arrival_miasma, layout_loops_corners,
          hellmonk_ecumenical_altar_arch_garden
D:2:      layout_rooms, nrook_loot_triangle
D:3:      layout_loops_corners, mainiacjoe_overflow_small_starburst, tgw_fedhas,
          bloody_makhleb, vehumet_crystals, nicolae_shop_unique_rings,
          minivault_27, dreamdust_wishing_well, uniq_robin, uniq_grinder,
          uniq_sigmund
D:4:      layout_loops_ring, nicolae_overflow_crystal_walls,
          nicolae_overflow_hidden_temple, nicolae_overflow_squiral,
          old_standard_altar, minivault_25, uniq_pikel, uniq_crazy_yiuf_cottage
D:5:      layout_cave_pods
D:6:      layout_loops_ring, mainiacjoe_overflow_tiny_flanked,
          kennysheep_vampire_church, nicolae_ru_path_of_blood,
          minmay_temple_entry_gardened_gates, minmay_misc_feat_tower,
          grunt_ministairs_7, corexii_shack, corexii_hall_statues_u
D:7:      layout_basic, minmay_shop_grid_forest
D:8:      layout_basic, serial_shops, nicolae_shop_competitors_out_of_business,
          nicolae_diamond_shop, nicolae_stop_n_shop_2, shop, minmay_liquid_box,
          uniq_prince_ribbit1
D:9:      layout_loops_cross, nicolae_uskayaw_suspiria, special_room
          [special_room_bee], enter_bailey_8, nzn_ghost_randoct,
          eino_small_chamber_without_monster, minmay_misc_feat_square,
          uniq_maurice
D:10:     layout_roguey, special_room [special_room_kobold]
D:11:     layout_stronghold, dpeg_lair_monsters, orc_0_dummy, uniq_snorg,
          uniq_erica
D:12:     layout_roguey [special_room_orc], uniq_psyche, uniq_sonja,
          uniq_jorgrun, uniq_nergalle
D:13:     layout_rooms
Lair:1:   layout_regular_city, chequers_serial_rivers_micro_a,
          chequers_serial_rivers_micro_c, infiniplex_staircase_pool,
          lemuel_fruit_tree

Skill      XL: |  1  2  3  4  5  6  7  8  9 10 11 12 |
---------------+-------------------------------------+-----
Armour         | 3 4 5 6 7 8 9 |  9.0
Axes           | 2 |  2.6
Shields        | 3 4 5 6 7 |  7.3
Polearms       | 3 5 7 9 11 12 | 12.3
Dodging        | 1 2 |  2.8
Stealth        | 1 3 5 6 7 |  7.3
Fighting       | 4 5 6 |  6.8
Throwing       | 1 2 |  2.7
Evocations     | 2 4 |  4.3

Action                   |  1- 3 |  4- 6 |  7- 9 | 10-12 || total
-------------------------+-------+-------+-------+-------++-------
Melee: War axe           |    51 |       |       |       ||    51
       Spear             |    43 |   102 |   277 |   550 ||   972
       Headbutt          |       |    11 |    52 |   131 ||   194
       Broad axe         |       |       |       |    42 ||    42
Throw: Dart              |       |       |       |    30 ||    30
Invok: Lunge             |       |       |    48 |    64 ||   112
       Whirlwind         |       |       |     1 |    58 ||    59
 Abil: Wall Jump         |       |       |       |    28 ||    28
Evoke: Wand              |       |       |       |     2 ||     2
  Use: Scroll            |     8 |       |     9 |    12 ||    29
       Potion            |     2 |       |     1 |    10 ||    13
Armor: Scale mail        |    47 |    22 |    89 |       ||   158
       Plate armour      |       |       |    25 |   191 ||   216
Dodge: Dodged            |    40 |    30 |    83 |   118 ||   271
Block: Buckler           |    26 |    17 |    61 |     4 ||   108
       Kite shield       |       |       |       |   258 ||   258

Table legend: (Time is in decaauts)
 A = Elapsed time spent in this place.
 B = Non-inter-level travel time spent in this place.
 C = Inter-level travel time spent in this place.
 D = Time resting spent in this place.
 E = Time spent auto-exploring this place.
 F = Levels seen in this place.
 G = Mean time per level.
                   A        B        C        D        E       F      G
               +--------+--------+--------+--------+--------+-----+--------+
         Total |  16335 |  15680 |    655 |   2314 |   8255 |  15 | 1089.0 |
       Dungeon |  15964 |  15310 |    654 |   2198 |   8255 |  13 | 1228.0 |
          Lair |      1 |      1 |      0 |      0 |      0 |   1 |    1.0 |
        Bailey |    369 |    369 |      0 |    116 |      0 |   1 |  369.0 |
               +--------+--------+--------+--------+--------+-----+--------+

Top non-repeatable levels by time:
    D:11: 2220 daAuts
     D:9: 1800 daAuts
    D:10: 1566 daAuts
    D:12: 1541 daAuts
     D:4: 1287 daAuts
     D:3: 1277 daAuts
     D:1: 1205 daAuts
     D:7: 1191 daAuts
     D:5: 1150 daAuts
     D:8: 1041 daAuts
     D:6: 886 daAuts
     D:2: 785 daAuts
  Bailey: 369 daAuts
    D:13: 8 daAuts
  Lair:1: 1 daAuts
